 Dungeon Crawl Stone Soup version 0.22-b1-26-g9dbaab1 (webtiles) character file.

65098 MTVSty1e the Impaler (level 14, 0/126 HPs)
             Began as a Minotaur Fighter on Aug 7, 2018.
             Was the Champion of Okawaru.
             Slain by a catoblepas (1 damage)
             ... on level 13 of the Dungeon.
             The game lasted 00:33:20 (20670 turns).

MTVSty1e the Impaler (Minotaur Fighter)            Turns: 20670, Time: 00:33:20

Health: 0/126      AC: 18    Str: 29    XL:     14   Next: 74%
Magic:  27/27      EV:  2    Int:  5    God:    Okawaru [******]
Gold:   1228       SH:  0    Dex: 19    Spells: 13/13 levels left

rFire    . . .     SeeInvis .   x - +11 trident "Hellblazer" {pierce, rElec MP+9 Str+3}
rCold    . . .     Gourm    .   c - +0 shield
rNeg     + + +     Faith    .   l - +5 scale mail {rN+}
rPois    ∞         Spirit   .   (helmet restricted)
rElec    +         Reflect  .   y - +0 cloak
rCorr    .         Harm     .   J - +0 pair of gloves {Dex+3}
MR       +....                  t - +0 pair of boots
Stlth    ..........             (no amulet)
HPRegen  0.31/turn              h - +6 ring of dexterity
MPRegen  0.20/turn              p - ring of poison resistance

@: petrified
A: retaliatory headbutt, horns 2
a: Heroism, Finesse, Renounce Religion


You were on level 13 of the Dungeon.
You worshipped Okawaru.
Okawaru was exalted by your worship.
You were not hungry.

You visited 4 branches of the dungeon, and saw 22 of its levels.
You also visited: Volcano.

You collected 1228 gold pieces.

Inventory:

Hand Weapons
 u - a +1 vampiric glaive
 x - the +11 trident "Hellblazer" (weapon) {pierce, rElec MP+9 Str+3}
   (You found it on level 5 of the Dungeon)

   It inflicts extra damage upon your enemies.
   It affects your strength (+3).
   It insulates you from electricity.
   It affects your magic capacity (+9).
 F - a cursed +4 battleaxe of venom
 P - the +1 demon trident of Sloth {elec, rElec rF+ SInv}
   (Okawaru gifted it to you on level 5 of the Lair of Beasts)

   Occasionally, upon striking a foe, it will discharge some electrical energy
   and cause terrible harm.
   It protects you from fire.
   It insulates you from electricity.
   It lets you see invisible.
 W - the +10 lajatang of Scorn {flame, rPois Stlth+}
   (You found it on level 13 of the Dungeon)

   It has been specially enchanted to burn those struck by it, causing extra
   injury to most foes and up to half again as much damage against particularly
   susceptible opponents.
   Big, fiery blades are also staple armaments of hydra-hunters.
   It protects you from poison.
   It makes you more stealthy.
Armour
 c - a +0 shield (worn)
 l - a +5 scale mail of positive energy (worn)
 t - a +0 pair of boots (worn)
 y - a +0 cloak (worn)
 J - a +0 pair of gloves of dexterity (worn)
 O - a +0 plate armour
Jewellery
 a - an uncursed ring of wizardry
 d - an uncursed ring of see invisible
 e - a cursed ring of ice
 h - a +6 ring of dexterity (left hand)
 p - a ring of poison resistance (right hand)
 E - an uncursed amulet of harm
 L - an uncursed ring of flight
 M - an uncursed ring of fire
Wands
 b - a wand of random effects (25)
 v - a wand of iceblast (6)
 B - a wand of acid (12)
 D - a wand of paralysis (50)
 G - a wand of enslavement (9)
 H - a wand of polymorph (19)
Scrolls
 g - a scroll of teleportation
 i - 3 scrolls of immolation
 k - 2 scrolls of identify
 m - 9 scrolls of remove curse
 N - 3 scrolls of enchant weapon
 Q - 2 scrolls of amnesia
 R - a scroll of fear
 V - a scroll of magic mapping
Potions
 j - 3 potions of flight
 n - 3 potions of haste
 o - 2 potions of lignification
 q - a potion of resistance
 r - a potion of mutation
 s - 10 potions of curing
 w - a potion of magic
 z - a potion of brilliance
 A - 2 potions of agility
 C - a potion of cancellation
 I - 3 potions of invisibility
 K - 2 potions of berserk rage
 S - 3 potions of ambrosia
 T - 3 potions of heal wounds
 U - a potion of might
Comestibles
 f - 23 rations


   Skills:
 + Level 12.1 Fighting
 - Level 11.2(15.9) Axes
 + Level 18.3(19.2) Polearms
 + Level 12.2 Armour
 + Level 12.2 Shields
 * Level 6.8 Evocations


You had 13 spell levels left.
You didn't know any spells.
Your spell library contained the following spells:

 Spells                   Type           Power        Failure   Level  Hunger
 Magic Dart               Conj           #...         80%         1    ##.....
 Conjure Flame            Conj/Fire      #.......     99%         3    ####...
 Slow                     Hex            #.......     90%         2    ###....
 Confuse                  Hex            #.......     99%         3    ####...
 Mephitic Cloud           Conj/Pois/Air  #.......     99%         3    ####...
 Blink                    Tloc           N/A          90%         2    ###....
 Call Imp                 Summ           #.......     90%         2    ###....
 Tukima's Dance           Hex            #.......     99%         3    ####...
 Stone Arrow              Conj/Erth      #.....       99%         3    ####...
 Passwall                 Tmut/Erth      #.......     90%         2    ###....
 Ensorcelled Hibernation  Hex/Ice        #.....       90%         2    ###....
 Corona                   Hex            #......      80%         1    ##.....
 Lee's Rapid Deconstruct  Erth           #.........   100%        5    ######.
 Sandblast                Erth           #.....       80%         1    ##.....
 Petrify                  Tmut/Erth      #.......     100%        4    #####..
 Dazzling Spray           Conj/Hex       #.....       99%         3    ####...


Dungeon Overview and Level Annotations

Branches:
Dungeon (14/15)            Temple (1/1) D:5            Lair (6/6) D:10
 Shoals (1/4) Lair:2       Spider (0/4) Lair:4        Slime (0/5) Lair:5
    Orc (0/2) D:9
 Vaults: D:13-14

Altars:
Ashenzari
Cheibriados
Dithmenos
Elyvilon
Fedhas
Hepliaklqana
Kikubaaqudgha
Makhleb
Okawaru
Qazlal
Ru
Sif Muna
Trog
Vehumet
Wu Jian
Xom
Yredelemnul
Zin
The Shining One

Shops:
D:5 }   D:13 %


Innate Abilities, Weirdness & Mutations

You reflexively headbutt those who attack you in melee.
You have a pair of horns on your head.


Message History

* * * LOW HITPOINT WARNING * * *
The orc hits you but does no damage. The catoblepas gores you!
* * * LOW HITPOINT WARNING * * *
The orc hits you but does no damage.
The two-headed ogre hits you but does no damage. x2
The catoblepas gores you but does no damage.
The orc hits you but does no damage. The two-headed ogre barely misses you.
The two-headed ogre hits you but does no damage.
The catoblepas breathes a plume of calcifying dust at you.
The blast of calcifying dust hits you!
You are engulfed in calcifying dust.
You feel like a meek peon again. The orc hits you but does no damage.
The catoblepas gores you!
* * * LOW HITPOINT WARNING * * *
The two-headed ogre hits you with a giant spiked club!
* * * LOW HITPOINT WARNING * * *
The two-headed ogre hits you but does no damage.
You are engulfed in calcifying dust.
The orc hits you but does no damage. The catoblepas gores you.
You die...

...........................#
#.......#.#.#.#...########.#
#........................#.#
#.#.#...###.#..........#.#.#
........# ###....#####.#.#.######
....#...# #.#..#.............(.
....#...#####.#..#..####.#.#.####
....#..........YOo.........#.#
..............[)@#..####..##.#
...............###..####..##.##
.#..#...####..................#
.#..#.....................##..#
...............###..##.##.##..#
.#..##..####...###..##.##.##..#
...........#.......)..........#
....###........##...##.######.#
.#......##.#...........######.###


You could see a catoblepas, a two-headed ogre and an orc.

Vanquished Creatures
  8 hydras
  Fannar (D:11)
  6 two-headed ogres
  3 skeletal warriors (D:13)
  An unseen horror (D:10)
  A sea snake (Shoals:1)
  A wolf spider zombie (D:13)
  An orc knight (D:13)
  A deep elf mage (D:12)
  2 cyclopes (D:13)
  An oklob plant (Lair:4)
  2 ugly things
  4 elephants (Lair:6)
  A molten gargoyle (D:11)
  7 black mambas
  A centaur zombie (D:11)
  2 gargoyles
  2 rime drakes
  16 spiny frogs
  2 kobold demonologists (D:11)
  An efreet (D:12)
  4 komodo dragons
  A yaktaur (D:12)
  3 trolls
  3 polar bears (Lair:6)
  8 jumping spiders (Lair:4)
  2 merfolk (Shoals:1)
  7 hornets
  10 hippogriffs
  3 dream sheep (Lair:6)
  28 blink frogs
  12 spriggans (Lair:6)
  A wyvern (D:11)
  4 redbacks (Lair:4)
  2 water elementals
  2 vampires
  A wraith (D:10)
  3 basilisks
  33 yaks
  A steam dragon (D:13)
  A human (D:9)
  4 vampire mosquitoes
  A hungry ghost (D:7)
  2 wargs (D:10)
  An acid dragon (D:12)
  9 water moccasins
  13 porcupines
  3 hell hounds (Volcano)
  5 orc warriors
  3 ice beasts
  A sky beast (D:11)
  4 black bears
  6 phantoms
  8 ogres
  4 boggarts (Lair:6)
  12 centaurs
  54 wolves
  5 crocodiles
  15 bullfrogs
  A water moccasin zombie (D:11)
  4 killer bees (D:12)
  8 scorpions
  14 wights
  8 electric eels
  3 howler monkeys (D:7)
  6 crimson imps
  3 bullfrog zombies (D:12)
  9 jellies
  A centaur skeleton (D:6)
  4 orc priests
  6 bullfrog skeletons
  5 hounds
  5 iguanas
  Terence (D:2)
  14 orc wizards
  8 worker ants
  A worker ant zombie (D:11)
  A howler monkey zombie (D:5)
  Robin (D:3)
  8 gnolls
  13 adders
  2 shadow imps
  5 oozes
  An adder zombie (D:5)
  2 adder skeletons (D:4)
  2 worms
  A dart slug (D:1)
  8 leopard geckos
  57 orcs
  5 giant cockroaches
  19 goblins
  15 hobgoblins
  3 jackals (D:7)
  8 kobolds
  7 quokkas
  4 ball pythons
  8 bats
  5 frilled lizards
  2 jackal skeletons (D:4)
  7 rats
  A butterfly (Lair:4)
629 creatures vanquished.

Vanquished Creatures (others)
  2 two-headed ogres (Volcano)
  A porcupine (Lair:5)
  A wolf (Lair:5)
  9 fungi
  7 plants
20 creatures vanquished.

Grand Total: 649 creatures vanquished

Notes
Turn   | Place    | Note
-------+----------+-------------------------------------------
     0 | D:1      | MTVSty1e the Minotaur Fighter began the quest for the Orb.
     0 | D:1      | Reached XP level 1. HP: 19/19 MP: 0/0
   156 | D:1      | Reached XP level 2. HP: 25/26 MP: 1/1
   608 | D:1      | Reached XP level 3. HP: 31/31 MP: 2/2
  1035 | D:2      | Found a glowing golden altar of the Shining One.
  1074 | D:2      | Noticed Terence
  1095 | D:2      | Killed Terence
  1095 | D:2      | Reached skill level 5 in Axes
  1095 | D:2      | Reached XP level 4. HP: 22/39 MP: 3/3
  1518 | D:3      | Reached XP level 5. HP: 43/45 MP: 4/4
  1561 | D:3      | Noticed Robin
  1591 | D:3      | Killed Robin
  1837 | D:4      | Noticed a phantom
  1858 | D:4      | Killed a phantom
  1858 | D:4      | Reached XP level 6. HP: 32/51 MP: 5/5
  2318 | D:4      | Reached XP level 7. HP: 55/57 MP: 6/6
  2776 | D:4      | Reached skill level 10 in Axes
  3006 | D:5      | Entered Level 5 of the Dungeon
  3347 | D:5      | Found Todgh's Gadget Boutique.
  3429 | D:5      | Found a staircase to the Ecumenical Temple.
  3626 | D:5      | Reached XP level 8. HP: 64/64 MP: 7/7
  3666 | D:5      | Got a faintly glowing trident
  3667 | D:5      | Identified the +11 trident "Hellblazer" {pierce, rElec MP+9 Str+3} (You found it on level 5 of the Dungeon)
  3760 | D:6      | Reached skill level 1 in Polearms
  3762 | D:6      | Found a shattered altar of Ashenzari.
  3882 | D:6      | Reached skill level 2 in Polearms
  3916 | D:6      | Reached skill level 3 in Polearms
  4308 | D:6      | Reached skill level 4 in Polearms
  4379 | D:6      | Reached skill level 5 in Polearms
  4587 | D:7      | Found a sacrificial altar of Ru.
  4654 | D:7      | Reached skill level 6 in Polearms
  4721 | D:7      | Noticed a hornet
  4723 | D:7      | Paralysed by a hornet for 2 turns
  4727 | D:7      | Paralysed by a hornet for 2 turns
  4730 | D:7      | Killed a hornet
  4730 | D:7      | Reached skill level 7 in Polearms
  4808 | D:7      | Found a hazy altar of Hepliaklqana.
  4809 | D:7      | Found a stormy altar of Qazlal.
  4821 | D:7      | Reached skill level 8 in Polearms
  4833 | D:7      | Reached XP level 9. HP: 49/70 MP: 8/8
  4836 | D:7      | Found a shadowy altar of Dithmenos.
  4837 | D:7      | Found a bloodstained altar of Trog.
  5256 | D:7      | Reached skill level 9 in Polearms
  5648 | D:8      | Reached skill level 10 in Polearms
  5904 | D:8      | Reached skill level 11 in Polearms
  5993 | D:8      | Found a snail-covered altar of Cheibriados.
  6323 | D:9      | Noticed a troll
  6330 | D:9      | Killed a troll
  6330 | D:9      | Reached skill level 12 in Polearms
  6538 | D:9      | Reached XP level 10. HP: 78/78 MP: 9/9
  6961 | D:9      | Found a staircase to the Orcish Mines.
  7017 | D:10     | Entered Level 10 of the Dungeon
  7036 | D:10     | Noticed a gargoyle
  7043 | D:10     | Killed a gargoyle
  7074 | D:10     | Noticed an unseen horror
  7077 | D:10     | Killed an unseen horror
  7162 | D:10     | Found a blossoming altar of Fedhas.
  7174 | D:10     | Reached skill level 13 in Polearms
  7274 | D:10     | Reached skill level 5 in Fighting
  7274 | D:10     | Reached skill level 5 in Armour
  7274 | D:10     | Reached skill level 5 in Shields
  7591 | D:10     | Found a staircase to the Lair.
  7901 | Lair:1   | Entered Level 1 of the Lair of Beasts
  7904 | Lair:1   | Noticed a spiny frog
  7908 | Lair:1   | Killed a spiny frog
  7909 | Lair:1   | Noticed a spiny frog
  7916 | Lair:1   | Killed a spiny frog
  7990 | D:11     | Reached XP level 11. HP: 88/89 MP: 10/10
  8014 | D:11     | Reached skill level 14 in Polearms
  8054 | D:11     | Noticed Fannar
  8074 | D:11     | Killed Fannar
  8389 | D:11     | Noticed a two-headed ogre
  8399 | D:11     | Killed a two-headed ogre
  8600 | D:11     | Noticed a six-headed hydra
  8607 | D:11     | Killed a six-headed hydra
  8734 | D:11     | Noticed a red ugly thing
  8742 | D:11     | Killed a red ugly thing
  9166 | D:12     | Reached skill level 15 in Polearms
  9176 | D:12     | Noticed a deep elf mage
  9559 | Temple   | Entered the Ecumenical Temple
  9606 | Temple   | Became a worshipper of Warmaster Okawaru
  9818 | Lair:1   | Noticed a seven-headed hydra
  9820 | Lair:1   | Found a white marble altar of Elyvilon.
  9823 | Lair:1   | Killed a seven-headed hydra
  9883 | Lair:1   | Reached * piety under Okawaru
 10096 | Lair:1   | Reached XP level 12. HP: 75/102 MP: 11/11
 10256 | Lair:1   | Noticed a six-headed hydra
 10260 | Lair:1   | Reached ** piety under Okawaru
 10263 | Lair:1   | Killed a six-headed hydra
 11033 | Lair:2   | Reached skill level 16 in Polearms
 11041 | Lair:2   | Reached *** piety under Okawaru
 11263 | Lair:2   | Found a staircase to the Shoals.
 11802 | Lair:3   | Reached **** piety under Okawaru
 12717 | Lair:3   | Reached ***** piety under Okawaru
 12717 | Lair:3   | Reached skill level 10 in Armour
 12826 | Lair:3   | Reached skill level 10 in Fighting
 12840 | Lair:3   | Reached skill level 10 in Shields
 12840 | Lair:3   | Reached XP level 13. HP: 113/113 MP: 12/12
 13305 | Shoals:1 | Entered Level 1 of the Shoals
 13453 | Lair:4   | Reached skill level 17 in Polearms
 13544 | Lair:4   | Received a gift from Okawaru
 14027 | Lair:4   | Found a hole to the Spider Nest.
 14390 | Lair:4   | Reached skill level 1 in Evocations
 15128 | Lair:5   | Found a dark tunnel.
 15133 | Volcano  | Entered a volcano
 15529 | Lair:5   | Reached ****** piety under Okawaru
 15529 | Lair:5   | Received a gift from Okawaru
 15532 | Lair:5   | Got an ancient demon trident {god gift}
 15533 | Lair:5   | Identified the +1 demon trident of Sloth {elec, rElec rF+ SInv} (Okawaru gifted it to you on level 5 of the Lair of Beasts)
 15880 | Lair:5   | Found a staircase to the Slime Pits.
 16267 | Lair:6   | Entered Level 6 of the Lair of Beasts
 16435 | Lair:6   | Reached XP level 14. HP: 21/124 MP: 16/16
 16909 | Lair:6   | Paralysed by a hornet for 1 turns
 16979 | Lair:6   | Received a gift from Okawaru
 17598 | Lair:6   | Reached skill level 5 in Evocations
 17611 | Lair:6   | Reached skill level 18 in Polearms
 18875 | D:12     | Received a gift from Okawaru
 19611 | D:13     | Found Sakkiacs's Food Shoppe.
 20509 | D:13     | Got an ebony lajatang
 20510 | D:13     | Identified the +10 lajatang of Scorn {flame, rPois Stlth+} (You found it on level 13 of the Dungeon)
 20669 | D:13     | HP: 1/126 [two-headed ogre/giant spiked club (8)]
 20670 | D:13     | Slain by a catoblepas

Skill      XL: |  1  2  3  4  5  6  7  8  9 10 11 12 13 14 |
---------------+-------------------------------------------+-----
Axes           | 3 4 5 6 8 9 11 | 11.2
Polearms       | 8 12 13 15 16 17 18 | 18.3
Shields        | 6 8 10 11 12 | 12.2
Fighting       | 6 8 10 11 12 | 12.1
Armour         | 6 8 10 11 12 | 12.2
Evocations     | 4 6 |  6.8

Action                   |  1- 3 |  4- 6 |  7- 9 | 10-12 | 13-15 || total
-------------------------+-------+-------+-------+-------+-------++-------
Melee: War axe           |   112 |   157 |   100 |       |       ||   369
       Headbutt          |    13 |    27 |    26 |   119 |   182 ||   367
       Mace              |       |    15 |       |       |       ||    15
       Trident           |       |       |   155 |   553 |   546 ||  1254
       Demon trident     |       |       |       |       |   196 ||   196
Invok: Heroism           |       |       |       |       |     3 ||     3
Evoke: Wand              |       |       |       |       |     2 ||     2
  Use: Scroll            |       |       |    16 |     4 |    18 ||    38
       Potion            |       |       |     1 |     2 |     1 ||     4
  Eat: Chunk             |       |     4 |     2 |     2 |     1 ||     9
       Ration            |       |     1 |     3 |     5 |     8 ||    17
Armor: Scale mail        |    55 |    64 |    57 |   113 |   220 ||   509
Dodge: Dodged            |    32 |    24 |    53 |   106 |   143 ||   358
Block: Shield            |    57 |    81 |    70 |   217 |   304 ||   729
